 Dungeon Crawl Stone Soup version 0.18.1-50-g88ac8fd (webtiles) character file.

203 yungnami the Ducker (level 5, 0/53 HPs)
             Began as a Troll Berserker on Oct 2, 2016.
             Was a Believer of Trog.
             Slain by an orc
             ... wielding a +0 club
              (6 damage)
             ... on level 4 of the Dungeon.
             The game lasted 00:07:14 (1168 turns).

yungnami the Ducker (Troll Berserker)               Turns: 1168, Time: 00:07:15

Health: 0/53       AC:  5    Str: 26    XL:     5   Next: 51%
Magic:  4/4        EV: 10    Int:  3    God:    Trog [**....]
Gold:   43         SH:  0    Dex:  9    Spells: 0 memorised, 4 levels left

rFire  . . .     SeeInvis .     a - +0 mace
rCold  . . .     Gourm    +     b - +0 animal skin
rNeg   . . .     Faith    .     (no shield)
rPois  .         Spirit   .     (helmet restricted)
rElec  .         Dismiss  .     (no cloak)
rCorr  +         Reflect  .     (gloves unavailable)
SustAt +         Harm     .     (boots unavailable)
MR     .....                    (no amulet)
Stlth  +.........               e - ring of sustain attributes
                                d - ring of resist corrosion

@: exhausted, slowed, very slow, not resistant to hostile enchantments, very
unstealthy
A: unfitting armour, claws 3, fast metabolism 3, gourmand, regeneration 2,
shaggy fur 1, tough skin 2
a: Berserk, Trog's Hand, Burn Spellbooks, Renounce Religion


You were on level 4 of the Dungeon.
You worshipped Trog.
Trog was pleased with you.
You were not hungry.

You visited 1 branch of the dungeon, and saw 4 of its levels.

You collected 43 gold pieces.

Inventory:

Hand Weapons
 a - a +0 mace (weapon)
 l - a +0 rapier
Missiles
 j - 77 stones (quivered)
Armour
 b - a +0 animal skin (worn)
Jewellery
 d - a ring of resist corrosion (left claw)
 e - a ring of sustain attributes (right claw)
Scrolls
 f - a scroll of enchant weapon {unknown}
 k - a scroll of teleportation {unknown}
Potions
 g - a potion of curing {unknown}
 h - a potion of mutation {unknown}
 i - a potion of agility {unknown}
 n - a potion of degeneration {unknown}
Miscellaneous
 m - a plain deck of defence
Comestibles
 c - 2 bread rations


   Skills:
 + Level 3.4 Fighting
 + Level 3.3 Maces & Flails
 + Level 4.0 Dodging
 + Level 0.5 Stealth


You had 4 spell levels left.
You didn't know any spells.

Dungeon Overview and Level Annotations

Branches:
Dungeon (4/15)
 Temple: D:4-7

Altars:
Nemelex Xobeh
Okawaru
The Shining One


Innate Abilities, Weirdness & Mutations

You are too large for most types of armour.
You have claws for hands.
Your metabolism is lightning-fast.
You like to eat raw meat.
You heal very quickly.
You are covered in fur (AC +1).
You have very tough skin (AC +2).


Message History

Trog accepts your kill.
Trog appreciates your killing of a magic user.
Your Dodging skill increases to level 4!
You hit the orc but do no damage. You closely miss the orc.
You are no longer berserk.
You are exhausted.
You feel yourself slow down. The orc barely misses you.
The orc hits you with a short sword.
* * * LOW HITPOINT WARNING * * *
You hit the orc.
The orc is lightly wounded.
The orc completely misses you. x2; The orc hits you with a club.
* * * LOW HITPOINT WARNING * * *
You barely miss the orc.
The orc is lightly wounded.
The orc hits you with a short sword.
* * * LOW HITPOINT WARNING * * *
The orc hits you with a club.
You die...

##################
########
)..)....†......o@#
#......#
#####)#####....#o#
#.####.# #.# #..#.#.#
#.# #.#
#.######.#.#.#####.#
#.#####
####.##............#..#
#.....#
#....##+#####.####.#.##
#..####
#.##..........##...#.#
###.#
#.##........####.###.#
#...# #.##........#
#.#.#.# #.###


You could see 2 orcs.

Vanquished Creatures
  An ogre (D:4)
  An orc wizard (D:4)
  Robin (D:4)
  2 adders
  2 dart slugs (D:2)
  A giant gecko (D:1)
  12 goblins
  7 hobgoblins
  14 jackals
  3 kobolds
  A ball python (D:1)
  A giant newt (D:4)
  2 rats (D:1)
  A bush (D:2)
49 creatures vanquished.

Notes
Turn   | Place    | Note
--------------------------------------------------------------
     0 | D:1      | yungnami the Troll Berserker began the quest for the Orb.
     0 | D:1      | Reached XP level 1. HP: 22/22 MP: 0/0
    78 | D:1      | Reached XP level 2. HP: 19/29 MP: 1/1
   364 | D:2      | Reached XP level 3. HP: 37/37 MP: 2/2
   606 | D:2      | Reached ** piety under Trog
   703 | D:3      | Reached skill level 3 in Dodging
   877 | D:3      | Found a glowing golden altar of the Shining One.
   908 | D:3      | Found an iron altar of Okawaru.
  1007 | D:4      | Found a sparkling altar of Nemelex Xobeh.
  1061 | D:4      | Noticed Robin
  1062 | D:4      | Noticed an ogre
  1108 | D:4      | Reached XP level 4. HP: 24/45 MP: 3/3
  1158 | D:4      | Killed Robin
  1161 | D:4      | Killed an ogre
  1161 | D:4      | Reached XP level 5. HP: 14/53 MP: 4/4
  1164 | D:4      | Reached skill level 4 in Dodging
  1168 | D:4      | Slain by an orc

Skill      XL: |  1  2  3  4  5 |
---------------+----------------+-----
Fighting       | 3 |  3.4
Maces & Flails | 3 |  3.3
Dodging        | 3 4 |  4.0
Stealth        | |  0.5

Action                   |  1- 3 |  4- 6 || total
-------------------------+-------+-------++-------
Melee: Mace              |   198 |    47 ||   245
Invok: Berserk           |     2 |     1 ||     3
       Trog's Hand       |     1 |       ||     1
 Stab: Sleeping          |     1 |       ||     1
  Eat: Chunk             |    11 |       ||    11
       Beef jerky        |     1 |       ||     1
Armor: Animal skin       |   111 |    27 ||   138
Dodge: Dodged            |   142 |    51 ||   193
